 Dungeon Crawl Stone Soup version 0.27.1-33-g824d729ab1 (webtiles) character file.

Game seed: 15706407123879176351

21 zeram the Ducker (level 2, 0/16 HPs)
             Began as a Spriggan Fighter on Dec 10, 2021.
             Frozen to death by an endoplasm (1 damage)
             ... on level 1 of the Dungeon.
             The game lasted 00:01:19 (663 turns).

zeram the Ducker (Spriggan Fighter)                  Turns: 663, Time: 00:01:20

Health: 0/16       AC:  2    Str: 12    XL:     2   Next: 65%
Magic:  3/3        EV: 18    Int:  9    God:
Gold:   34         SH:  6    Dex: 14    Spells: 1/1 levels left

rFire    . . .     SeeInvis +   a - +0 rapier
rCold    . . .     Faith    .   c - +0 buckler
rNeg     . . .     Spirit   .   b - +0 robe
rPois    .         Reflect  .   (helmet restricted)
rElec    .         Harm     .   (no cloak)
rCorr    .         Rampage  .   (gloves unavailable)
Will     .....                  (boots unavailable)
Stlth    ++........             (no amulet)
HPRegen  0.05/turn              (no ring)
MPRegen  0.08/turn              (no ring)

@: very quick
A: very small, no large weapons, unfitting armour, see invisible, speed 3
a: no special abilities


You were on level 1 of the Dungeon.
You visited 1 branch of the dungeon, and saw 1 of its levels.

You collected 34 gold pieces.

Inventory:

Hand Weapons
 a - a +0 rapier (weapon)
 e - a +0 dagger
Missiles
 f - 3 stones (quivered)
Armour
 b - a +0 robe (worn)
 c - a +0 buckler (worn)
Potions
 d - a potion of might
 g - a potion of degeneration {unknown}


   Skills:
 - Level 2.4 Fighting
 - Level 2.1 Short Blades
 + Level 4.5 Dodging
 * Level 2.0 Stealth
 + Level 2.4 Shields


You had one spell level left.
You didn't know any spells.
Your spell library was empty.

Dungeon Overview and Level Annotations

Branches:
Dungeon (1/15)

Altars:


Innate Abilities, Weirdness & Mutations

You are very small and have problems with some larger weapons.
You are too small for most types of armour.
You have supernaturally acute eyesight. (SInv)
You cover ground extremely quickly. (Speed+++)


Message History

The bat misses you.
You hit the bat.
The bat is severely wounded.
The bat closely misses you. The bat barely misses you.
You hit the bat but do no damage.
The bat is severely wounded.
The goblin shouts!
The bat hits you but does no damage.
You closely miss the bat.
The bat is severely wounded.
The bat hits you.
Found 55 gold pieces.
The bat misses you.
You hit the bat.
You kill the bat!
You closely miss the goblin. The goblin hits you with a +0 club.
You hit the goblin but do no damage. The goblin barely misses you.
An endoplasm comes into view.
You hit the goblin.
The goblin is moderately wounded.
The goblin closely misses you.
You closely miss the goblin.
The goblin is moderately wounded.
You block the goblin's attack. The goblin completely misses you.
You closely miss the goblin. The goblin hits you with a +0 club.
You barely miss the goblin. The goblin hits you with a +0 club.
You hit the goblin.
The goblin is severely wounded.
The endoplasm jiggles.
The endoplasm freezes you.
You are frozen.
You block the goblin's attack. The endoplasm hits you.
* * * LOW HITPOINT WARNING * * *
You are too injured to fight recklessly!
There are monsters nearby!
As you read the scroll labelled VOANAMA XALINN, it crumbles to dust.
It is a scroll of amnesia.
You feel forgetful for a moment. The goblin hits you with a +0 club.
* * * LOW HITPOINT WARNING * * *
The endoplasm freezes you.
You are frozen.
You die...

#.#.....## ..#
#..[.....######..#
###..#........##.#
#.##.....##.
#.###..#.###.# #.#
##.......# ..#
#.#...... .##
#.####... #. #@#
## #gJ# # ##...
#..$$ .P$$$P ####
.P$$$. ...#


P.PPP .<.# ...## ...# You could see an endoplasm and a goblin.

Vanquished Creatures
  An endoplasm (D:1)
  A giant cockroach (D:1)
  2 hobgoblins (D:1)
  4 jackals (D:1)
  2 quokkas (D:1)
  3 ball pythons (D:1)
  2 bats (D:1)
  2 frilled lizards (D:1)
  A kobold (D:1)
  2 rats (D:1)
20 creatures vanquished.

Vanquished Creatures (others)
  4 toadstools (D:1)
4 creatures vanquished.

Grand Total: 24 creatures vanquished

Notes
Turn   | Place    | Note
-------+----------+-------------------------------------------
     0 | D:1      | zeram the Spriggan Fighter began the quest for the Orb.
     0 | D:1      | Reached XP level 1. HP: 11/11 MP: 2/2
    90 | D:1      | Reached skill level 1 in Stealth
   119 | D:1      | Reached XP level 2. HP: 9/16 MP: 3/3
   663 | D:1      | Frozen to death by an endoplasm

Illustrated notes

Levels and vault maps discovered:
D:1:      minmay_arrival_stair_chambers, layout_rooms, serial_shops,
          nicolae_shop_behind_doors, nrook_campfire, minivault_26,
          minmay_gold_behind_fungi, minmay_surrounded

Skill      XL: |  1  2 |
---------------+-------+-----
Stealth        | 1 2 |  2.0
Fighting       | |  2.4
Short Blades   | |  2.1
Dodging        | |  4.5
Shields        | |  2.4

Action                   || total
-------------------------++-------
Melee: Rapier            ||    72
  Use: Scroll            ||     1
 Stab: Distracted        ||     1
       Sleeping          ||     1
Armor: Robe              ||     7
Dodge: Dodged            ||    52
Block: Buckler           ||    13
